 Dungeon Sprint DCSS version 0.18.1-50-g88ac8fd (webtiles) character file.

1262 Kagutsuchi the Fighter (level 8, -2/83 HPs)
             Began as a Red Draconian Berserker on Oct 22, 2016.
             Was an Elder of Trog.
             Slain by a polar bear (24 damage)
             ... in the Dungeon (Sprint II: "The Violet Keep of Menkaure").
             The game lasted 00:03:13 (748 turns).

Kagutsuchi the Fighter (Red Draconian Berserker)     Turns: 748, Time: 00:03:14

Health: -2/83      AC:  6    Str: 21    XL:     8   Next: 27%
Magic:  17/17      EV: 16    Int:  7    God:    Trog [****..]
Gold:   150        SH:  0    Dex: 10    Spells: 0 memorised, 7 levels left

rFire  + . .     SeeInvis .     b - +9 glaive of Fibbabas {chop, MP+9 Stlth+}
rCold  . . .     Gourm    .     (armour unavailable)
rNeg   . . .     Faith    .     (shield currently unavailable)
rPois  .         Spirit   .     (helmet restricted)
rElec  .         Dismiss  .     (no cloak)
rCorr  .         Reflect  .     (no gloves)
SustAt .         Harm     .     (no boots)
MR     .....     Rnd*Rage +     (no amulet)
Stlth  ++........ NoTele   +    (no ring)
                                (no ring)

@: not resistant to hostile enchantments, unstealthy
A: breathe fire, unfitting armour, big wings, hooves 1, berserk 1, clumsy 1,
fire resistance 1, cold-blooded, AC +6
a: Breathe Fire, Fly, Berserk, Trog's Hand, Brothers in Arms, Burn Spellbooks,
Renounce Religion


You were in the Dungeon.
You worshipped Trog.
Trog was greatly pleased with you.
You were not hungry.

You visited 1 branch You collected 729 gold pieces.
You spent 579 gold pieces at shops.

Inventory:

Hand Weapons
 a - a +0 falchion
 b - the +9 glaive of Fibbabas (weapon) {chop, MP+9 Stlth+}
   (You bought it in a shop in the Dungeon)

   It inflicts extra damage upon your enemies.
   It affects your magic capacity (+9).
   It makes you more stealthy.
Scrolls
 h - a scroll of blinking
Potions
 c - 5 potions of curing
 d - 4 potions of heal wounds
 e - a potion of haste
 f - 2 potions of magic
 g - a potion of berserk rage


   Skills:
 + Level 11.9 Fighting
 + Level 10.6 Long Blades
 + Level 10.4 Dodging


You had 7 spell levels left.
You didn't know any spells.

Dungeon Overview and Level Annotations

Branches:
Dungeon (1/1)

Altars:
Cheibriados
Dithmenos
Elyvilon
Fedhas
Gozag
Kikubaaqudgha
Makhleb
Nemelex Xobeh
Okawaru
Pakellas
Qazlal
Ru
Sif Muna
Trog
Vehumet
Xom
Yredelemnul
Zin
The Shining One
Beogh
Jiyva
Lugonu

Shops:
D %:?=![[![}:?(*=*

Annotations:
D exclusion: oklob plant


Innate Abilities, Weirdness & Mutations

You can breathe blasts of fire.
Your fiery red scales are hard (AC +6).
Your body does not fit into most forms of armour.
Your flesh is heat resistant.
You are cold-blooded and may be slowed by cold attacks.
Your large and strong wings let you fly indefinitely.
You have large cloven feet.
You tend to lose your temper in combat.
You are clumsy. (Dex -2)


Message History

The polar bear closely misses you. The polar bear barely misses you.
The polar bear claws you. The polar bear misses you.
The wasp stings you but does no damage.
The flying skull gives a hideous shriek!
You slash the polar bear!
You tail-slap the polar bear, but do no damage.
The polar bear is severely wounded.
The wasp barely misses you.
The polar bear goes berserk!
The polar bear closely misses you. The polar bear misses you.
The polar bear claws you. The wasp misses you. The polar bear misses you.
The polar bear claws you. x2; The polar bear bites you!
* * * LOW HITPOINT WARNING * * *
The polar bear claws you.
* * * LOW HITPOINT WARNING * * *
The polar bear completely misses you. The wasp barely misses you.
You barely miss the polar bear.
You kick the polar bear, but do no damage.
The polar bear is severely wounded.
The polar bear bites you!!
You die... #.##...#..# #..# .# ??)!

.<.'.#.+..####..##.#▓$(!(
#.##.).#§...###...##▓▓▓▓▓
#'###.##......≈≈≈≈≈≈≈≈≈≈≈
...####≈≈.....≈#h########
.##.#≈§≈§≈§≈..≈#..._._..#
# ##≈§§≈≈§§≈.≈#c._._._.#
#+##≈≈§§§≈§≈≈≈§#hy._._..#
≈≈≈≈≈≈≈§§≈≈§§≈§#@h_._._.#
+#+++#≈≈§§≈§§≈≈#._._._..#
§≈§≈ ##≈≈§###§§#_._._...#
§≈≈≈§§##≈≈# #≈≈#._._....#
≈8§≈≈§≈+≈§# #≈≈#_._.....#
§§§§≈≈##≈≈≈§≈§≈#########
§§§§≈## ########≈≈≈≈≈≈≈≈
#+#### .z§zz###≈#######
§z§§z##≈#


You could see 3 polar bears, a yaktaur, a wasp and 2 flying skulls.

Vanquished Creatures
  A siren (D)
  4 neqoxecs (D)
  Menkaure (D)
  2 hippogriffs (D)
  A hell rat (D)
9 creatures vanquished.

Vanquished Creatures (others)
  A crocodile (D)
1 creature vanquished.

Grand Total: 10 creatures vanquished

Notes
Turn   | Place    | Note
--------------------------------------------------------------
     0 | D        | Kagutsuchi the Draconian Berserker began the quest for the Orb.
     0 | D        | Reached XP level 1. HP: 19/19 MP: 1/1
     1 | D        | Noticed a hippogriff
     1 | D        | Noticed a hippogriff
     7 | D        | Killed a hippogriff
     7 | D        | Reached skill level 7 in Fighting
     7 | D        | Reached skill level 5 in Dodging
     7 | D        | Reached XP level 2. HP: 34/34 MP: 2/2
     7 | D        | Reached XP level 3. HP: 39/39 MP: 3/3
     7 | D        | Reached XP level 4. HP: 47/47 MP: 4/4
    12 | D        | Killed a hippogriff
    12 | D        | Reached ** piety under Trog
    12 | D        | Reached skill level 8 in Fighting
    12 | D        | Reached XP level 5. HP: 56/56 MP: 5/5
    36 | D        | Killed a crocodile
   308 | D        | Noticed a siren
   337 | D        | Killed a siren
   337 | D        | Reached skill level 10 in Fighting
   337 | D        | Reached XP level 6. HP: 67/67 MP: 6/6
   337 | D        | Your scales start taking on a fiery red colour.
   337 | D        | Reached XP level 7. HP: 73/73 MP: 7/7
   337 | D        | Gained mutation: Your flesh is heat resistant. [Red Draconian growth]
   354 | D        | Noticed a boulder beetle
   354 | D        | Noticed a boulder beetle
   358 | D        | Noticed a neqoxec
   358 | D        | Noticed a neqoxec
   358 | D        | Noticed a neqoxec
   358 | D        | Noticed a neqoxec
   367 | D        | Killed a neqoxec
   374 | D        | Gained mutation: You are clumsy. (Dex -2) [a neqoxec]
   375 | D        | Killed a neqoxec
   375 | D        | Reached *** piety under Trog
   375 | D        | Reached skill level 11 in Fighting
   375 | D        | Reached skill level 10 in Long Blades
   377 | D        | Gained mutation: You tend to lose your temper in combat. [a neqoxec]
   379 | D        | Killed a neqoxec
   389 | D        | Gained mutation: Your large and strong wings let you fly indefinitely. [a neqoxec]
   391 | D        | Gained mutation: You have large cloven feet. [a neqoxec]
   394 | D        | Killed a neqoxec
   394 | D        | Reached skill level 10 in Dodging
   394 | D        | Reached XP level 8. HP: 27/83 MP: 8/8
   637 | D        | Found Yqiun's General Store.
   637 | D        | Found Isuate's Book Shop.
   637 | D        | Found Zadgha's Gadget Boutique.
   637 | D        | Found Ucliexyr's Antique Weapon Boutique.
   637 | D        | Found Ystetola's Jewellery Boutique.
   637 | D        | Found Egaomaloss's Antique Armour Shop.
   637 | D        | Found Jigeg's Magic Scroll Shop.
   637 | D        | Found Quk Bori's Distillery.
   638 | D        | Found Deong's Assorted Antiques.
   638 | D        | Found Xamejeuk's Antique Armour Boutique.
   638 | D        | Found Miejah's Armour Boutique.
   638 | D        | Noticed a shining eye
   639 | D        | Found Jodiets's Distillery.
   640 | D        | Noticed a shining eye
   641 | D        | Found Vouqo's Jewellery Boutique.
   641 | D        | Found Unulag's Magic Scroll Shop.
   641 | D        | Noticed Menkaure
   641 | D        | Noticed a shining eye
   641 | D        | Noticed an oklob plant
   642 | D        | Found Muc Kole's Book Shoppe.
   642 | D        | Found Tahuj's Food Boutique.
   649 | D        | Bought an ichor-stained glaive for 276 gold pieces
   649 | D        | Identified the +9 glaive of Fibbabas {chop, MP+9 Stlth+} (You bought it in a shop in the Dungeon)
   655 | D        | Killed Menkaure
   659 | D        | Noticed an iron elemental
   665 | D        | Bought a potion of curing for 36 gold pieces
   665 | D        | Bought a potion of curing for 36 gold pieces
   667 | D        | Bought a potion of heal wounds for 55 gold pieces
   667 | D        | Bought a potion of heal wounds for 55 gold pieces
   667 | D        | Bought a potion of heal wounds for 55 gold pieces
   667 | D        | Bought 2 potions of curing for 66 gold pieces
   695 | D        | Reached **** piety under Trog
   705 | D        | Noticed an orange crystal statue
   710 | D        | Noticed a flying skull
   718 | D        | Found a basalt altar of Yredelemnul.
   718 | D        | Found a glowing golden altar of the Shining One.
   718 | D        | Found a white marble altar of Elyvilon.
   719 | D        | Found a shadowy altar of Dithmenos.
   719 | D        | Found an ancient bone altar of Kikubaaqudgha.
   719 | D        | Found a deep blue altar of Sif Muna.
   720 | D        | Found a shimmering altar of Xom.
   720 | D        | Found a sparkling altar of Nemelex Xobeh.
   720 | D        | Found a bloodstained altar of Trog.
   720 | D        | Found a glowing silver altar of Zin.
   721 | D        | Found a blossoming altar of Fedhas.
   721 | D        | Found an iron altar of Okawaru.
   721 | D        | Found a radiant altar of Vehumet.
   721 | D        | Found a stormy altar of Qazlal.
   722 | D        | Found a corrupted altar of Lugonu.
   722 | D        | Found a roughly hewn altar of Beogh.
   722 | D        | Found an oddly glowing altar of Pakellas.
   722 | D        | Noticed a polar bear
   726 | D        | Found a snail-covered altar of Cheibriados.
   726 | D        | Found a viscous altar of Jiyva.
   726 | D        | Found a burning altar of Makhleb.
   727 | D        | Found a sacrificial altar of Ru.
   727 | D        | Found an opulent altar of Gozag.
   730 | D        | Noticed a polar bear
   731 | D        | Noticed a yaktaur
   732 | D        | Noticed a polar bear
   742 | D        | Noticed a flying skull
   742 | D        | Noticed a flying skull
   742 | D        | Noticed a flying skull
   742 | D        | Noticed a flying skull
   743 | D        | Noticed a flying skull
   747 | D        | Noticed a flying skull
   748 | D        | Slain by a polar bear

Skill      XL: |  1  2  3  4  5  6  7 |
---------------+----------------------+-----
Fighting       | 7 8 10 11 | 11.9
Long Blades    | 6 7 9 10 | 10.6
Dodging        | 5 7 8 10 | 10.4

Action                   |  1- 3 |  4- 6 |  7- 9 || total
-------------------------+-------+-------+-------++-------
Melee: Falchion          |     5 |    31 |    34 ||    70
       Tailslap          |       |     6 |     3 ||     9
       Kick              |       |       |     3 ||     3
       Glaive            |       |       |     7 ||     7
Invok: Berserk           |     1 |       |     1 ||     2
 Abil: Breathe Fire      |       |       |     1 ||     1
  Eat: Bread ration      |       |       |     1 ||     1
Armor: Skin              |       |     4 |    20 ||    24
Dodge: Dodged            |     7 |     7 |    71 ||    85
